PAAA
SUNSET DISTRICT FOG @ BLOOMINGTON LONGNECKS
08/24/2038
 
TOP OF THE 1ST
Sunset District Fog batting - Pitching for Bloomington Longnecks : RHP Leon Alfons
Pitching: RHP Leon Alfons
Batting: RHB Roger Campbell 0-0: Ball
1-0: Foul Ball, location: 2F
1-1: Foul Ball, location: 2F
1-2: Ball
2-2: Ground out 6-3 (Groundball, 6, EV 85.6 MPH)
Batting: RHB Vonne Navarrete 0-0: Ball
1-0: Foul Ball, location: 2F
1-1: Swinging Strike
1-2: Foul Ball, location: 2F
1-2: Strikes out looking
Batting: SHB Cecil Nelson 0-0: Ball
1-0: Called Strike
1-1: Ball
2-1: Ball
3-1: Fly out, F9 (Line Drive, 9, EV 93.8 MPH)
Top of the 1st over - 0 runs, 0 hits, 0 errors, 0 left on base; Sunset District 0 - Bloomington 0
BOTTOM OF THE 1ST
Bloomington Longnecks batting - Pitching for Sunset District Fog : LHP Nicholas Finn
Pitching: LHP Nicholas Finn
Batting: RHB Cornell MacDonald 0-0: Ball
1-0: Ball
2-0: Foul Ball, location: 2F
2-1: Ball
3-1: Called Strike
3-2: Base on Balls
Batting: RHB Brock Waxley 0-0: Ball
1-0: Ball
2-0: Ball
3-0: Base on Balls
Cornell MacDonald to second
Batting: RHB Karl Wade 0-0: Called Strike
0-1: 3-RUN HOME RUN (Flyball, 78XD, EV 108.8 MPH), Distance : 394 ft
Batting: RHB Alfonso Nazario 0-0: Ball
1-0: Called Strike
1-1: Called Strike
1-2: Foul Ball, location: 2F
1-2: Ball
2-2: SINGLE (Line Drive, 7S, EV 101.2 MPH)
Batting: RHB Lev Migranov 0-0: Called Strike
0-1: Ball
1-1: Ball
2-1: Called Strike
2-2: Strikes out swinging
Batting: RHB Marcos Germán 0-0: Foul Ball, location: 2F
0-1: Ball
1-1: Swinging Strike
1-2: Ball
2-2: Fly out, F6 (Popup, 56, EV 76.2 MPH)
Batting: RHB Gerald Snow 0-0: Ball
1-0: Ball
2-0: Called Strike
2-1: Foul Ball, location: 2F
2-2: Strikes out looking
Bottom of the 1st over - 3 runs, 2 hits, 0 errors, 1 left on base; Sunset District 0 - Bloomington 3
TOP OF THE 2ND
Sunset District Fog batting - Pitching for Bloomington Longnecks : RHP Leon Alfons
Batting: LHB Roderick Simpson 0-0: Called Strike
0-1: Ball
1-1: Called Strike
1-2: Foul Ball, location: 2F
1-2: Strikes out swinging
Batting: LHB Steve Williams 0-0: Called Strike
0-1: Ball
1-1: Foul Ball, location: 2F
1-2: Foul Ball, location: 2F
1-2: Ball
2-2: Ball
3-2: SINGLE (Groundball, 34D, EV 109.4 MPH)
Batting: RHB Jim McMahon 0-0: Ball
1-0: Foul Ball, location: 2F
1-1: Ball
2-1: Called Strike
2-2: Fly out, F8 (Line Drive, 8LM, EV 97.5 MPH)
Batting: RHB Carlo Beedle 0-0: Called Strike
0-1: Ball
Steve Williams is caught stealing 2nd base 2-4
Top of the 2nd over - 0 runs, 1 hit, 0 errors, 0 left on base; Sunset District 0 - Bloomington 3
BOTTOM OF THE 2ND
Bloomington Longnecks batting - Pitching for Sunset District Fog : LHP Nicholas Finn
Batting: LHB Jorge Ortíz 0-0: Swinging Strike
0-1: Ball
1-1: Called Strike
1-2: SINGLE (Groundball, 6MD, EV 98.8 MPH)
Batting: RHB Manny Diéguez 0-0: Swinging Strike
0-1: Ball
1-1: DOUBLE (Line Drive, 7LS, EV 100.0 MPH)
Jorge Ortíz to third
Batting: RHB Cornell MacDonald 0-0: Ball
1-0: Ball
2-0: Called Strike
2-1: Ball
3-1: Ground out 4-3 (Groundball, 34, EV 102.5 MPH)
Jorge Ortíz scores
Manny Diéguez to third
Batting: RHB Brock Waxley 0-0: Ball
1-0: Ball
2-0: Ground out 4-3 (Groundball, 34, EV 112.5 MPH)
Manny Diéguez scores
Batting: RHB Karl Wade 0-0: Swinging Strike
0-1: Swinging Strike
0-2: SINGLE (Line Drive, 9S, EV 99.4 MPH)
Batting: RHB Alfonso Nazario 0-0: Called Strike
0-1: Ball
1-1: Swinging Strike
1-2: Foul Ball, location: 2F
1-2: Strikes out swinging
Bottom of the 2nd over - 2 runs, 3 hits, 0 errors, 1 left on base; Sunset District 0 - Bloomington 5
TOP OF THE 3RD
Sunset District Fog batting - Pitching for Bloomington Longnecks : RHP Leon Alfons
Batting: RHB Carlo Beedle 0-0: Fly out, F2 (Popup, 23F, EV 83.1 MPH)
Batting: RHB Doug Becker 0-0: Ball
1-0: Ball
2-0: Ball
3-0: Base on Balls
Batting: RHB Jim Herries 0-0: Ball
1-0: Ball
2-0: Foul Ball, location: 2F
2-1: Swinging Strike
2-2: Ball
3-2: Strikes out swinging
Batting: RHB Roger Campbell 0-0: Foul Ball, location: 2F
0-1: Fly out, F8 (Flyball, 78D, EV 98.8 MPH)
Top of the 3rd over - 0 runs, 0 hits, 0 errors, 1 left on base; Sunset District 0 - Bloomington 5
BOTTOM OF THE 3RD
Bloomington Longnecks batting - Pitching for Sunset District Fog : LHP Nicholas Finn
Batting: RHB Lev Migranov 0-0: Ground out 5-3 (Groundball, 5, EV 89.4 MPH)
Batting: RHB Marcos Germán 0-0: Called Strike
0-1: Fly out, F7 (Line Drive, 7D, EV 89.4 MPH)
Batting: RHB Gerald Snow 0-0: Ball
1-0: SINGLE (Groundball, 6D, EV 98.1 MPH)
Batting: LHB Jorge Ortíz 0-0: Ball
1-0: Ball
2-0: Ball
3-0: Called Strike
3-1: Base on Balls
Gerald Snow to second
Batting: RHB Manny Diéguez 0-0: Fly out, F8 (Flyball, 8RM, EV 97.5 MPH)
Bottom of the 3rd over - 0 runs, 1 hit, 0 errors, 2 left on base; Sunset District 0 - Bloomington 5
TOP OF THE 4TH
Sunset District Fog batting - Pitching for Bloomington Longnecks : RHP Leon Alfons
Batting: RHB Vonne Navarrete 0-0: SINGLE (Groundball, 4MD, EV 99.4 MPH)
Batting: SHB Cecil Nelson 0-0: Ball
1-0: Foul Ball, location: 2F
1-1: Ball
2-1: Swinging Strike
2-2: Foul Ball, location: 2F
2-2: Ball
3-2: Foul Ball, location: 2F
3-2: Base on Balls
Vonne Navarrete to second
Batting: LHB Roderick Simpson 0-0: Fielders Choice at 2nd, 4-6 (Groundball, 4M, EV 76.9 MPH)
Vonne Navarrete to third
Batting: LHB Steve Williams 0-0: Ball
1-0: Called Strike
1-1: Foul Ball, location: 2F
1-2: Foul Ball, location: 2F
1-2: Foul Ball, location: 2F
1-2: Foul Ball, location: 2F
1-2: Foul Ball, location: 2F
1-2: Ball
2-2: Fly out, F5 (Popup, 5F, EV 60.6 MPH)
Batting: RHB Jim McMahon 0-0: Ball
1-0: Called Strike
1-1: Called Strike
1-2: Foul Ball, location: 2F
1-2: Ball
2-2: Ball
3-2: Strikes out swinging
Top of the 4th over - 0 runs, 1 hit, 0 errors, 2 left on base; Sunset District 0 - Bloomington 5
BOTTOM OF THE 4TH
Bloomington Longnecks batting - Pitching for Sunset District Fog : LHP Nicholas Finn
Batting: RHB Cornell MacDonald 0-0: Called Strike
0-1: Ground out U3 (Groundball, 3L, EV 89.4 MPH)
Batting: RHB Brock Waxley 0-0: Called Strike
0-1: Ball
1-1: Ball
2-1: Called Strike
2-2: Foul Ball, location: 2F
2-2: Ball
3-2: Base on Balls
Batting: RHB Karl Wade 0-0: Ball
1-0: Swinging Strike
1-1: Called Strike
1-2: Foul Ball, location: 2F
1-2: Foul Ball, location: 2F
1-2: Foul Ball, location: 2F
1-2: Foul Ball, location: 2F
1-2: Ball
2-2: Foul Ball, location: 2F
2-2: Foul Ball, location: 2F
2-2: Ball
3-2: SINGLE (Line Drive, 7S, EV 94.4 MPH)
Brock Waxley to second
Pitching: RHP Aad Stuut
Batting: RHB Alfonso Nazario 0-0: Foul Ball, location: 2F
0-1: Called Strike
0-2: Ball
1-2: Foul Ball, location: 2F
1-2: Ball
2-2: Grounds into double play, 5-4-3 (Groundball, 56, EV 88.1 MPH)
Bottom of the 4th over - 0 runs, 1 hit, 0 errors, 1 left on base; Sunset District 0 - Bloomington 5
TOP OF THE 5TH
Sunset District Fog batting - Pitching for Bloomington Longnecks : RHP Leon Alfons
Batting: RHB Carlo Beedle 0-0: Called Strike
0-1: Ball
1-1: Foul Ball, location: 2F
1-2: Strikes out swinging
Batting: RHB Doug Becker 0-0: Called Strike
0-1: Swinging Strike
0-2: Ball
1-2: Strikes out swinging
Batting: RHB Jim Herries 0-0: Ball
1-0: Swinging Strike
1-1: Ground out 1-3 (Groundball, P, EV 75.6 MPH)
Top of the 5th over - 0 runs, 0 hits, 0 errors, 0 left on base; Sunset District 0 - Bloomington 5
BOTTOM OF THE 5TH
Bloomington Longnecks batting - Pitching for Sunset District Fog : RHP Aad Stuut
Batting: RHB Lev Migranov 0-0: Ball
1-0: Ball
2-0: Ball
3-0: Base on Balls
Batting: RHB Marcos Germán 0-0: Called Strike
0-1: Fly out, F7 (Line Drive, 7, EV 83.8 MPH)
Batting: RHB Gerald Snow 0-0: Called Strike
0-1: Swinging Strike
0-2: Ball
Lev Migranov steals 2nd base
1-2: Ground out 5-3 (Groundball, 56, EV 82.5 MPH)
Batting: LHB Jorge Ortíz 0-0: Called Strike
0-1: Ball
1-1: Ball
2-1: Ball
3-1: Base on Balls
Batting: RHB Manny Diéguez 0-0: Called Strike
0-1: Ball
1-1: Swinging Strike
1-2: Foul Ball, location: 2F
1-2: Fielders Choice at 2nd, 5-4 (Groundball, 5, EV 98.8 MPH)
Bottom of the 5th over - 0 runs, 0 hits, 0 errors, 2 left on base; Sunset District 0 - Bloomington 5
TOP OF THE 6TH
Sunset District Fog batting - Pitching for Bloomington Longnecks : RHP Leon Alfons
Batting: RHB Roger Campbell 0-0: Ball
1-0: Ball
2-0: Ball
3-0: Base on Balls
Batting: RHB Vonne Navarrete 0-0: Fielders Choice at 2nd, 6-4 (Groundball, 6, EV 81.9 MPH)
Batting: SHB Cecil Nelson 0-0: Foul Ball, location: 2F
0-1: Ball
1-1: Ball
2-1: Swinging Strike
2-2: Ball
3-2: SINGLE (Groundball, 56D, EV 104.4 MPH)
Vonne Navarrete to second
Pitching: RHP Vicente Durango
Batting: LHB Roderick Simpson 0-0: Ball
1-0: Ball
2-0: Ball
3-0: Called Strike
3-1: Foul Ball, location: 2F
3-2: Strikes out looking
Batting: LHB Steve Williams 0-0: Called Strike
0-1: Called Strike
0-2: Ball
1-2: Foul Ball, location: 2F
1-2: Ball
2-2: Foul Ball, location: 2F
2-2: Ball
3-2: Base on Balls
Vonne Navarrete to third
Cecil Nelson to second
Batting: RHB Jim McMahon 0-0: Ball
1-0: Called Strike
1-1: SINGLE (Groundball, 34, EV 86.9 MPH) (infield hit)
Vonne Navarrete scores
Cecil Nelson to third
Steve Williams to second
Batting: RHB Carlo Beedle 0-0: Called Strike
0-1: Called Strike
0-2: Ball
1-2: Foul Ball, location: 2F
1-2: Ball
2-2: Strikes out swinging
Top of the 6th over - 1 run, 2 hits, 0 errors, 3 left on base; Sunset District 1 - Bloomington 5
BOTTOM OF THE 6TH
Bloomington Longnecks batting - Pitching for Sunset District Fog : RHP Aad Stuut
Batting: RHB Cornell MacDonald 0-0: Called Strike
0-1: Ball
1-1: Ball
2-1: Foul Ball, location: 2F
2-2: Ball
3-2: Base on Balls
Batting: RHB Brock Waxley 0-0: Called Strike
0-1: Swinging Strike
0-2: Foul Ball, location: 2F
0-2: Ball
1-2: Strikes out swinging
Batting: RHB Karl Wade Pickoff Throw to First - Error! E1
Cornell MacDonald to second
0-0: Ball
Cornell MacDonald is caught stealing 3rd base 2-5
1-0: Ball
2-0: Called Strike
2-1: Ball
3-1: Foul Ball, location: 2F
3-2: Base on Balls
Batting: RHB Alfonso Nazario 0-0: Foul Ball, location: 2F
0-1: Fielders Choice at 2nd, 5-4 (Groundball, 56, EV 76.9 MPH)
Bottom of the 6th over - 0 runs, 0 hits, 1 error, 1 left on base; Sunset District 1 - Bloomington 5
TOP OF THE 7TH
Sunset District Fog batting - Pitching for Bloomington Longnecks : RHP Vicente Durango
Now at 1B: Francisco Chávez
Batting: RHB Doug Becker 0-0: Ball
1-0: Ball
2-0: Called Strike
2-1: Ball
3-1: Called Strike
3-2: Strikes out swinging
Batting: RHB Jim Herries 0-0: Ball
1-0: Ball
2-0: Ball
3-0: Base on Balls
Pitching: RHP Ron Mingo
Batting: RHB Roger Campbell 0-0: Called Strike
0-1: Ball
1-1: Ball
2-1: Ball
3-1: Foul Ball, location: 2F
3-2: Foul Ball, location: 2F
3-2: Foul Ball, location: 2F
3-2: Strikes out swinging
Batting: RHB Vonne Navarrete 0-0: Ball
1-0: Foul Ball, location: 2F
1-1: Ball
2-1: Foul Ball, location: 2F
2-2: Fly out, F8 (Line Drive, 8RD, EV 93.8 MPH)
Top of the 7th over - 0 runs, 0 hits, 0 errors, 1 left on base; Sunset District 1 - Bloomington 5
BOTTOM OF THE 7TH
Bloomington Longnecks batting - Pitching for Sunset District Fog : RHP Aad Stuut
Batting: RHB Lev Migranov 0-0: Ball
1-0: Called Strike
1-1: Ball
2-1: Called Strike
2-2: Foul Ball, location: 2F
2-2: Ground out 5-3 (Groundball, 56S, EV 83.8 MPH)
Batting: RHB Marcos Germán 0-0: Ball
1-0: Swinging Strike
1-1: Called Strike
1-2: Foul Ball, location: 2F
1-2: Ball
2-2: Ground out 5-3 (Groundball, 56, EV 83.8 MPH)
Pitching: RHP Jan Koistinen
Batting: RHB Gerald Snow 0-0: Called Strike
0-1: Ball
1-1: Ground out 6-3 (Groundball, 6, EV 104.4 MPH)
Bottom of the 7th over - 0 runs, 0 hits, 0 errors, 0 left on base; Sunset District 1 - Bloomington 5
TOP OF THE 8TH
Sunset District Fog batting - Pitching for Bloomington Longnecks : RHP Ron Mingo
Batting: SHB Cecil Nelson 0-0: Ball
1-0: Ball
2-0: Ground out U3 (Groundball, 3S, EV 89.4 MPH)
Batting: LHB Roderick Simpson 0-0: SOLO HOME RUN (Flyball, 9D, EV 88.8 MPH), Distance : 358 ft
Batting: LHB Steve Williams 0-0: Called Strike
0-1: Ball
1-1: Foul Ball, location: 2F
1-2: SINGLE (Line Drive, 4D, EV 98.8 MPH)
Pitching: RHP Ron Rouse
Batting: RHB Jim McMahon 0-0: Foul Ball, location: 2F
0-1: Fielders Choice at 2nd, 4-6 (Groundball, 4, EV 88.8 MPH)
Batting: RHB Carlo Beedle 0-0: Foul Ball, location: 2F
0-1: Ball
1-1: Called Strike
1-2: Ball
2-2: Ball
3-2: Fly out, F8 (Line Drive, 8LM, EV 93.8 MPH)
Top of the 8th over - 1 run, 2 hits, 0 errors, 1 left on base; Sunset District 2 - Bloomington 5
BOTTOM OF THE 8TH
Bloomington Longnecks batting - Pitching for Sunset District Fog : RHP Jan Koistinen
Batting: LHB Jorge Ortíz 0-0: Ground out U3 (Groundball, 3S, EV 65.0 MPH)
Batting: RHB Manny Diéguez 0-0: Ball
1-0: Ball
2-0: Foul Ball, location: 2F
2-1: Ball
3-1: Base on Balls
Batting: RHB Cornell MacDonald 0-0: Ball
1-0: Ball
2-0: Called Strike
2-1: Foul Ball, location: 2F
2-2: Ball
3-2: Strikes out looking
Batting: RHB Brock Waxley 0-0: Called Strike
0-1: Called Strike
0-2: Strikes out looking
Bottom of the 8th over - 0 runs, 0 hits, 0 errors, 1 left on base; Sunset District 2 - Bloomington 5
TOP OF THE 9TH
Sunset District Fog batting - Pitching for Bloomington Longnecks : RHP Ron Rouse
Batting: RHB Doug Becker 0-0: Ball
1-0: Ball
2-0: Called Strike
2-1: Ball
3-1: Called Strike
3-2: Ground out 4-3 (Groundball, 4, EV 80.6 MPH)
Batting: RHB Jim Herries 0-0: Ground out 4-3 (Groundball, 4, EV 85.6 MPH)
Batting: RHB Roger Campbell 0-0: Ball
1-0: Foul Ball, location: 2F
1-1: Ball
2-1: Swinging Strike
2-2: Ball
3-2: Strikes out swinging
Top of the 9th over - 0 runs, 0 hits, 0 errors, 0 left on base; Sunset District 2 - Bloomington 5
Friday, April 17th, 2020 - OOTP Baseball 20.8 Build 74